 Dungeon Crawl Stone Soup version 0.18.1-2-ga659475 (webtiles) character file.

223 sasquatch the Chopper (level 6, 0/55 HPs)
             Began as a Hill Orc Fighter on May 7, 2016.
             Slain by a wight
             ... wielding a +1 halberd
              (6 damage)
             ... on level 3 of the Dungeon.
             The game lasted 00:05:04 (2426 turns).

sasquatch the Chopper (Hill Orc Fighter)            Turns: 2426, Time: 00:05:05

Health: 0/55       AC:  6    Str: 26    XL:     6   Next: 0%
Magic:  6/6        EV:  7    Int:  8    God:
Gold:   167        SH:  9    Dex: 10    Spells: 0 memorised, 5 levels left

rFire  . . .     SeeInvis .     a - +0 war axe
rCold  . . .     Gourm    .     b - +0 scale mail
rNeg   . . .     Faith    .     c - +0 shield
rPois  .         Spirit   .     (no helmet)
rElec  .         Dismiss  .     (no cloak)
rCorr  .         Reflect  .     (no gloves)
SustAt .         Harm     .     (no boots)
MR     .....                    (no amulet)
Stlth  ..........               (no ring)
                                (no ring)

@: mighty, heavily drained, not resistant to hostile enchantments, extremely
unstealthy
A: no striking features
a: no special abilities


You were on level 3 of the Dungeon.
You were not hungry.

You visited 1 branch of the dungeon, and saw 4 of its levels.

You collected 167 gold pieces.

Inventory:

Hand Weapons
 a - a +0 war axe (weapon)
Armour
 b - a +0 scale mail (worn)
 c - a +0 shield (worn)
Scrolls
 e - a scroll of identify {unknown}
 g - 2 scrolls of amnesia {unknown}
 h - 4 scrolls of remove curse {unknown}
 i - 2 scrolls of teleportation {unknown}
 l - a scroll of immolation {unknown}
 p - a scroll of fog {unknown}
 q - 3 scrolls of enchant armour {unknown}
 s - a scroll of blinking {unknown}
Potions
 d - a potion of might
 j - a potion of cure mutation {unknown}
 k - a potion of haste {unknown}
 m - a potion of beneficial mutation {unknown}
 o - a potion of magic {unknown}
Comestibles
 f - 3 bread rations


   Skills:
 + Level 4.8(3.0) Fighting
 * Level 5.4(3.5) Axes
 + Level 4.2(2.4) Armour
 + Level 4.1(2.3) Shields


You had 5 spell levels left.
You didn't know any spells.

Dungeon Overview and Level Annotations

Branches:
Dungeon (4/15)
 Temple: D:4-7

Altars:
Ashenzari
Cheibriados
Dithmenos
Nemelex Xobeh
Qazlal
Xom
The Shining One


Message History

You barely miss the wight. You hit the wight.
The wight is moderately damaged.
The wight completely misses you. The wight hits you but does no damage.
You block the wight's attack.
Your shield prevents you from hitting the wight.
The wight is lightly damaged.
You closely miss the wight. You hit the wight.
The wight is heavily damaged.
The wight barely misses you. You block the wight's attack.
The wight hits you with an enchanted halberd!
You feel drained.
You hit the wight but do no damage.
The wight is lightly damaged.
You completely miss the wight.
The wight is heavily damaged.
You barely miss the wight. The wight hits you with a great sword.
You feel drained. The wight hits you with a flail!
* * * LOW HITPOINT WARNING * * *
The wight hits you with an enchanted halberd.
You die...

#.# ####.##.## #.#
#_.##.##.# #.# ###.##.##.
#.# #...#... #.# ########
#####.#######.####
#.................
#########z###.############
#.......z@z...............
#.###########.#....#######
#.# ######.#....'..§§..
#.# #...##.#....####§§.
#.# #...##.#....# #... #.#
#...##.'....# ##..
#.######...####....######.
#.............'....'.(..#.
###############....####.#.


You could see 3 wights.

Vanquished Creatures
  A wight (D:3)
  An orc priest (D:3)
  A jelly (D:3)
  2 adders
  4 gnolls
  An ooze (D:1)
  3 dart slugs
  3 giant geckos
  4 orcs (D:3)
  3 giant cockroaches
  9 goblins
  9 hobgoblins
  2 kobolds
  2 ball pythons (D:3)
  4 bats
  3 giant newts
  3 rats
55 creatures vanquished.

Notes
Turn   | Place    | Note
--------------------------------------------------------------
     0 | D:1      | sasquatch the Hill Orc Fighter began the quest for the Orb.
     0 | D:1      | Reached XP level 1. HP: 19/19 MP: 1/1
    57 | D:1      | Reached skill level 3 in Axes
    72 | D:1      | Reached XP level 2. HP: 27/27 MP: 2/2
   135 | D:1      | Reached XP level 3. HP: 25/33 MP: 3/3
   743 | D:1      | Reached skill level 4 in Axes
   743 | D:1      | Reached XP level 4. HP: 27/40 MP: 4/4
   986 | D:2      | Found a sparkling altar of Nemelex Xobeh.
  1025 | D:2      | Found a shattered altar of Ashenzari.
  1131 | D:2      | You fall through a shaft!
  1135 | D:3      | Reached XP level 5. HP: 32/47 MP: 5/5
  1248 | D:3      | Found a snail-covered altar of Cheibriados.
  1288 | D:3      | Found a glowing golden altar of the Shining One.
  1636 | D:3      | Found a shimmering altar of Xom.
  1874 | D:2      | Noticed a fire elemental
  1876 | D:2      | Found a stormy altar of Qazlal.
  1877 | D:2      | Noticed a water elemental
  1877 | D:2      | Noticed an air elemental
  2004 | D:3      | Found a shadowy altar of Dithmenos.
  2143 | D:3      | Found a shadowy altar of Dithmenos.
  2146 | D:3      | Reached skill level 5 in Axes
  2279 | D:3      | Reached XP level 6. HP: 30/55 MP: 6/6
  2426 | D:3      | Slain by a wight

Skill      XL: |  1  2  3  4  5 |
---------------+----------------+-----
Axes           | 3 4 5 |  5.4
Fighting       | 4 |  4.8
Armour         | 4 |  4.2
Shields        | 4 |  4.1

Action                   |  1- 3 |  4- 6 || total
-------------------------+-------+-------++-------
Melee: War axe           |    74 |    90 ||   164
  Use: Potion            |       |     1 ||     1
  Eat: Chunk             |       |     4 ||     4
       Beef jerky        |       |     1 ||     1
Armor: Scale mail        |    37 |    28 ||    65
Dodge: Dodged            |    22 |    33 ||    55
Block: Shield            |    38 |    55 ||    93
